 Dungeon Crawl Stone Soup version 0.29.1-15-g9cfb28693d (webtiles) character file.

Game seed: 4982235111427101036

114 BeingJoeMalik the Twirler (level 4, -1/26 HPs)
             Began as a Tengu Gladiator on Mar 27, 2023.
             Slain by a gnoll
             ... wielding a +0 club
             ... led by a gnoll sergeant
              (3 damage)
             ... on level 2 of the Dungeon.
             The game lasted 00:03:25 (1526 turns).

BeingJoeMalik the Twirler (Tengu Gladiator)         Turns: 1526, Time: 00:03:26

Health: -1/26      AC:  4    Str: 14    XL:     4   Next: 97%
Magic:  5/5        EV: 13    Int:  9    God:
Gold:   175        SH:  0    Dex: 17    Spells: 3/3 levels left

rFire   . . .      SeeInvis .   a - +0 quarterstaff
rCold   . . .      Faith    .   (shield currently unavailable)
rNeg    . . .      Spirit   .   b - +0 leather armour
rPois   .          Reflect  .   c - +0 hat
rElec   .          Harm     .   p - +0 cloak
rCorr   .          Rampage  .   (no gloves)
Will    .....                   (boots unavailable)
Stlth   +.........              (no amulet)
HPRegen 0.08/turn               (no ring)
MPRegen 0.09/turn               (no ring)

@: no status effects
A: beak, talons 3
a: no special abilities


You were on level 2 of the Dungeon.
You visited 1 branch of the dungeon, and saw 3 of its levels.

You collected 175 gold pieces.

Inventory:

Hand Weapons
 a - a +0 quarterstaff (weapon)
 o - a +2 quarterstaff of chaos
Missiles
 d - 3 throwing nets (quivered)
 e - 4 javelins
Armour
 b - a +0 leather armour (worn)
 c - a +0 hat (worn)
 p - a +0 cloak (worn)
Wands
 n - a wand of digging (6)
Scrolls
 g - 2 scrolls of magic mapping {unknown}
 i - 4 scrolls of immolation {unknown}
 l - a scroll of identify {unknown}
 r - a scroll of enchant weapon {unknown}
 t - a scroll of summoning {unknown}
 u - a scroll of teleportation {unknown}
 v - a scroll of enchant armour {unknown}
Potions
 f - a potion of resistance {unknown}
 h - a potion of heal wounds {unknown}
 j - a potion of ambrosia {unknown}
 k - a potion of invisibility {unknown}
 m - a potion of curing {unknown}
 q - a potion of magic {unknown}
 s - a potion of mutation {unknown}


   Skills:
 - Level 2.0 Fighting
 + Level 6.0 Staves
 - Level 2.0 Throwing
 - Level 3.2 Dodging


You had 3 spell levels left.
You didn't know any spells.
Your spell library was empty.

Dungeon Overview and Level Annotations

Branches:
Dungeon (3/15)

Altars:


Innate Abilities, Weirdness & Mutations

You have a beak for a mouth.
You have claws for feet.


Message History

You peck the gnoll.
You kill the gnoll!
The gnoll closely misses you.
Your Staves skill increases to level 6!
The gnoll closely misses you.
Things that are here:
a +0 flail; 11 gold pieces You hit the gnoll but do no damage.
Your kick misses the gnoll. You peck the gnoll, but do no damage.
The gnoll misses you.
You hit the gnoll but do no damage. The gnoll hits you with a +0 club.
The gnoll hits you from afar with a +0 spear.
Okay, then.
The gnoll attacks as you move away! The gnoll misses you.
The gnoll attacks as you move away! The gnoll closely misses you.
The gnoll attacks as you move away! The gnoll closely misses you.
There is a stone staircase leading up here.
The gnoll closely misses you. The gnoll misses you.
You climb upwards.
There is a stone staircase leading down here.
You sock the gnoll!
The gnoll is heavily wounded.
The gnoll barely misses you.
You hit the gnoll. Your kick misses the gnoll. You peck the gnoll.
The gnoll is almost dead.
The gnoll hits you with a +0 club.
* * * LOW HITPOINT WARNING * * *
You hit the gnoll but do no damage. You claw the gnoll.
The gnoll is almost dead.
The gnoll hits you with a +0 club.
* * * LOW HITPOINT WARNING * * *
Unknown command.
The gnoll attacks as you move away! The gnoll hits you but does no damage.
Throw: 4 throwing nets
Press: ? - help, Q - select action, (/) - cycle Shift-Dir - straight line, f - gnoll
Aim: a gnoll, wielding a +0 club (almost dead, 65% to hit)
You throw a throwing net.
The throwing net closely misses the gnoll.
The gnoll hits you with a +0 club.
You die...

##.......#####............
#................######.##
#.#....†.........# #...
#.##.............# ####
##.###............########.
####..##..###..#..........##..
####....#...####..##########.....
#....#.#.#.......## #......
......#.#.......@# #......
<....#..[#.....g.# #......
......#.#.....>..# #......
....)#.#.#.....(.# #......
...†)............# #......
...>.............# #######
.............##### #.....#..(..##
#############


You could see a gnoll.

Vanquished Creatures
  Crazy Yiuf (D:2)
  A gnoll (D:3)
  3 adders
  A dart slug (D:1)
  4 endoplasms
  3 giant cockroaches
  2 goblins
  4 hobgoblins
  3 jackals (D:2)
  2 kobolds (D:2)
  2 quokkas (D:1)
  3 ball pythons
  7 bats
  5 frilled lizards (D:1)
  8 rats
49 creatures vanquished.

Notes
Turn   | Place    | Note
-------+----------+-------------------------------------------
     0 | D:1      | BeingJoeMalik the Tengu Gladiator began the quest for the
                  | Orb.
     0 | D:1      | Reached XP level 1. HP: 12/12 MP: 2/2
   193 | D:1      | You fall into a shaft and drop 1 floor!
   235 | D:2      | Reached XP level 2. HP: 17/17 MP: 3/3
   272 | D:2      | Reached skill level 4 in Staves
   320 | D:2      | Found a faded altar of an unknown god.
   330 | D:2      | Reached XP level 3. HP: 11/21 MP: 4/4
   514 | D:2      | Found a runed translucent door.
   515 | D:2      | Noticed Crazy Yiuf
   523 | D:2      | Killed Crazy Yiuf
   524 | D:2      | Reached skill level 5 in Staves
   595 | D:1      | Reached XP level 4. HP: 26/26 MP: 5/5
  1497 | D:3      | Noticed a gnoll sergeant
  1505 | D:3      | Reached skill level 6 in Staves
  1523 | D:2      | HP: 1/26 [gnoll/+0 club[a gnoll sergeant] (5)]
  1526 | D:2      | Slain by a gnoll

Illustrated notes

Levels and vault maps discovered:
D:1:      dpeg_arrival_signposts, layout_rooms, st_stairs_13, minmay_unequal
D:2:      layout_rooms, hellmonk_ecumenical_altar_arch_garden,
          hangedman_decor_lopped, grunt_ministairs_12, minmay_tiny_reverse_x,
          uniq_crazy_yiuf_cottage
D:3:      layout_basic

Skill      XL: |  1  2  3  4 |
---------------+-------------+-----
Staves         | 4 5 6 |  6.0
Fighting       | |  2.0
Throwing       | |  2.0
Dodging        | |  3.2

Action                   |  1- 3 |  4- 6 || total
-------------------------+-------+-------++-------
Melee: Quarterstaff      |    40 |    52 ||    92
       Kick              |    10 |    10 ||    20
       Peck              |     1 |    10 ||    11
Throw: Throwing net      |     1 |     1 ||     2
 Stab: Sleeping          |     3 |       ||     3
Armor: Leather armour    |    10 |    10 ||    20
Dodge: Dodged            |    35 |    31 ||    66
